 Dungeon Crawl Stone Soup version 0.23.1-37-gaa34b87 (webtiles) character file.

Game seed: 4744676931389190514

32 Borgoz the Sneak (level 3, 0/27 HPs)
             Began as a Ghoul Enchanter on Mar 21, 2019.
             Slain by a goblin
             ... wielding a +0 trident
             ... led by Robin
              (2 damage)
             ... on level 2 of the Dungeon on Mar 22, 2019.
             The game lasted 00:02:01 (1926 turns).

Borgoz the Sneak (Ghoul Enchanter)                  Turns: 1926, Time: 00:02:02

Health: 0/27       AC:  4    Str: 11    XL:     3   Next: 27%
Magic:  4/4        EV: 12    Int: 10    God:
Gold:   136        SH:  0    Dex: 10    Spells: 2/5 levels left

rFire    . . .     SeeInvis .   a - +1 dagger
rCold    + . .     Gourm    .   (no shield)
rNeg     + + +     Faith    .   b - +0 robe
rPois    ∞         Spirit   .   (no helmet)
rElec    .         Reflect  .   f - +0 cloak (curse)
rCorr    .         Harm     .   (no gloves)
MR       .....                  o - +0 pair of boots
Stlth    ++........             (no amulet)
HPRegen  0.00/turn              (no ring)
MPRegen  0.09/turn              (no ring)

@: rotting
A: rotting body, claws 1, carnivore, cold resistance 1, negative energy
resistance 3, inhibited regeneration, torment resistance, unbreathing
a: no special abilities


You were on level 2 of the Dungeon.
You were not hungry.

You visited 1 branch of the dungeon, and saw 2 of its levels.

You collected 136 gold pieces.

Inventory:

Hand Weapons
 a - a +1 dagger (weapon)
Armour
 b - a +0 robe (worn)
 f - a cursed +0 cloak (worn)
 o - a +0 pair of boots (worn)
Scrolls
 e - a scroll of random uselessness {unknown}
 h - 2 scrolls of fog {unknown}
 i - 2 scrolls of enchant weapon {unknown}
 k - a scroll of fear {unknown}
 n - a scroll of immolation {unknown}
 p - a scroll of identify {unknown}
Potions
 g - a potion of lignification
 j - a potion of flight {unknown}
 l - 2 potions of curing {unknown}
 m - 4 potions of brilliance
 q - 2 potions of resistance {unknown}
Comestibles
 d - 4 rations


   Skills:
 + Level 0.7 Fighting
 * Level 1.3 Short Blades
 * Level 0.9 Armour
 * Level 2.1 Dodging
 + Level 3.4 Stealth
 + Level 1.9 Spellcasting
 + Level 2.5 Hexes


You had 2 spell levels left.
You knew the following spells:

 Your Spells              Type           Power        Failure   Level  Hunger
a - Corona                Hex            #......      11%         1    ##.....
b - Ensorcelled Hibernat  Hex/Ice        #.....       28%         2    ###....

Your spell library contained the following spells:

 Spells                   Type           Power        Failure   Level  Hunger
 Confuse                  Hex            #.......     32%         3    ####...
 Tukima's Dance           Hex            #.......     32%         3    ####...
 Dazzling Spray           Conj/Hex       #.....       50%         3    ####...


Dungeon Overview and Level Annotations

Branches:
Dungeon (2/15)

Altars:
Makhleb

Annotations:
D:2 Robin


Innate Abilities, Weirdness & Mutations

Your body is rotting away.
You thrive on raw meat.
You are immune to poison.
You have sharp fingernails.
You are carnivorous and can eat meat at any time.
Your flesh is cold resistant. (rC+)
You are immune to negative energy. (rN+++)
You do not regenerate when monsters are visible.
You are immune to unholy pain and torment.
You can survive without breathing.


Message History

You kill the goblin!
Robin throws the goblin at you! The goblin hits you with a +0 dagger.
The goblin hits you with a +0 trident.
The goblin shouts!
You hit the goblin but do no damage. The goblin closely misses you.
The goblin hits you with a +0 dagger. The goblin hits you but does no damage.
You closely miss the goblin. The goblin hits you but does no damage.
Robin says, "My goblins will feast on your bones."
The goblin hits you but does no damage.
You barely miss the goblin. The goblin closely misses you.
The goblin barely misses you. The goblin hits you with a +0 dagger!
* * * LOW HITPOINT WARNING * * *
You hit the goblin.
The goblin is moderately wounded.
The goblin hits you but does no damage. The goblin hits you with a +0 club.
* * * LOW HITPOINT WARNING * * *
The goblin hits you but does no damage.
It was a potion of lignification.
You feel woody for a moment. The goblin hits you with a +0 trident.
You die...

#....###### ### #..÷......#
#.#.. # #.........#
#.#.###.# ###.......#
#.#.#.#. #.......# #.#.#..
#.......# #.#.#.# #.......#
#.#.#.# #.......# #g#...#
################@g.g.#
...............gg....#
##############..............
# #.#.........>g. #
#.#.########... # #.#.# .# #
#.#.# # #.#.# # #.#.#


You could see Robin and 4 goblins.

Vanquished Creatures
  An adder (D:2)
  A worm (D:2)
  2 leopard geckos (D:2)
  2 bats (D:2)
  A giant cockroach (D:1)
  4 goblins
  3 hobgoblins (D:1)
  A kobold (D:2)
  2 rats
17 creatures vanquished.

Notes
Turn   | Place    | Note
-------+----------+-------------------------------------------
     0 | D:1      | Borgoz the Ghoul Enchanter began the quest for the Orb.
     0 | D:1      | Reached XP level 1. HP: 14/14 MP: 2/2
   509 | D:1      | Reached skill level 1 in Short Blades
   981 | D:2      | Noticed Robin
   993 | D:1      | Reached XP level 2. HP: 11/19 MP: 3/3
  1043 | D:1      | Learned a level 2 spell: Ensorcelled Hibernation
  1380 | D:2      | Found a burning altar of Makhleb.
  1445 | D:2      | Reached XP level 3. HP: 24/27 MP: 4/4
  1926 | D:2      | Slain by a goblin

Skill      XL: |  1  2 |
---------------+-------+-----
Short Blades   | 1 |  1.3
Dodging        | 2 |  2.1
Fighting       | |  0.7
Armour         | |  0.9
Stealth        | |  3.4
Spellcasting   | |  1.9
Hexes          | |  2.5

Action                   || total
-------------------------++-------
Melee: Dagger            ||   102
 Cast: Ensorcelled Hiber ||     3
  Use: Potion            ||     4
 Stab: Sleeping          ||     4
  Eat: Chunk             ||     5
Armor: Robe              ||    28
Dodge: Dodged            ||    62
